 Dungeon Crawl Stone Soup version 0.30-a0-341-g682706514a (webtiles) character file.

Game seed: 16915504394459925484

51 Hubris850 the Insei (level 3, -4/26 HPs)
             Began as a Merfolk Transmuter on Nov 2, 2022.
             Was an Initiate of Okawaru.
             Slain by a gnoll
             ... wielding a +0 club
              (5 damage)
             ... on level 2 of the Dungeon.
             The game lasted 00:03:10 (1163 turns).

Hubris850 the Insei (Merfolk Transmuter)            Turns: 1163, Time: 00:03:11

Health: -4/26      AC:  5    Str: 12    XL:     3   Next: 81%
Magic:  4/6        EV: 11    Int: 12    God:    Okawaru [......]
Gold:   91         SH:  0    Dex: 14    Spells: 3/6 levels left

rFire   . . .      SeeInvis .      - Unarmed
rCold   . . .      Faith    .    (no shield)
rNeg    . . .      Spirit   .    g - +0 ring mail
rPois   .          Reflect  .    (helmet currently unavailable)
rElec   .          Harm     .    (no cloak)
rCorr   .          Rampage  .    (no gloves)
Will    .....                    (boots currently unavailable)
Stlth   +.........               (no amulet)
HPRegen 0.24/turn                (no ring)
MPRegen 0.10/turn                (no ring)

@: appendages (expiring), wereblooded
A: horns 2, (nimble swimmer 2), mertail
a: End Transformation, Renounce Religion


You were on level 2 of the Dungeon.
You worshipped Okawaru.
Okawaru was noncommittal.
You had temporarily grown beastly horns.
You visited 1 branch of the dungeon, and saw 2 of its levels.

You collected 91 gold pieces.

Inventory:

Armour
 a - a +0 robe
 d - a +0 leather armour
 g - a +0 ring mail (worn)
Wands
 c - a wand of mindburst (14)
Scrolls
 b - 2 scrolls of enchant armour {unknown}
 e - a scroll of identify {unknown}
Potions
 f - a potion of flight {unknown}


   Skills:
 - Level 1.1 Fighting
 - Level 3.0 Dodging
 + Level 3.7 Unarmed Combat
 + Level 2.4 Spellcasting
 + Level 3.4 Transmutations
 + Level 1.5 Ice Magic


You had 3 spell levels left.
You knew the following spells:

 Your Spells              Type           Power      Damage    Failure   Level
a - Beastly Appendage     Tmut           18%        N/A       14%         1
b - Wereblood             Tmut           9%         N/A       22%         2

Your spell library contained the following spells:

 Spells                   Type           Power      Damage    Failure   Level
 Spider Form              Tmut/Pois      5%         N/A       65%         3
 Dazzling Flash           Conj/Hex       2%         N/A       87%         3
 Ice Form                 Ice/Tmut       7%         N/A       91%         4
 Agony                    Necr           1%         N/A       100%        5
 Silence                  Hex/Air        0%         N/A       100%        5


Dungeon Overview and Level Annotations

Branches:
Dungeon (2/15)

Altars:
Okawaru

Shops:
D:1 *


Innate Abilities, Weirdness & Mutations

You have temporarily grown beastly horns.
((You are very nimble when in or above water. (Stealth+, EV+, Speed+++)))
Your lower body shifts to a powerful aquatic tail in water.


Message History

You see here a bat corpse.
Found a stone staircase leading up.
The gnoll shouts!
The gnoll throws a throwing net.
The throwing net barely misses you.
A nearby plant withers and dies.
The gnoll hits you with a +0 club.
The gnoll throws a throwing net.
The throwing net barely misses you.
You barely miss the gnoll. The gnoll barely misses you. x2
You hit the gnoll. You headbutt the gnoll!
The gnoll is almost dead.
The gnoll hits you with a +0 club. The gnoll barely misses you.
You barely miss the gnoll.
The gnoll is almost dead.
Your transformation is almost over.
You barely miss the gnoll. You headbutt the gnoll.
You feel a bit better.
You kill the gnoll!
Okawaru accepts your kill. The gnoll hits you with a +0 club!
The gnoll barely misses you.
You hit the gnoll. Your punch misses the gnoll.
The gnoll is moderately wounded.
The gnoll barely misses you. The gnoll hits you with a +0 club.
You closely miss the gnoll. Your headbutt misses the gnoll.
The gnoll is moderately wounded.
The gnoll barely misses you. The gnoll hits you with a +0 club.
* * * LOW HITPOINT WARNING * * *
You hit the gnoll but do no damage.
The gnoll is moderately wounded.
You howl as the wereblood boils in your veins!
The gnoll misses you. The gnoll hits you with a +0 club.
* * * LOW HITPOINT WARNING * * *
Okay, then.
You hit the gnoll but do no damage.
The gnoll is moderately wounded.
The gnoll hits you with a +0 club.
* * * LOW HITPOINT WARNING * * *
The gnoll hits you with a +0 club.
* * * LOW HITPOINT WARNING * * *
You barely miss the gnoll.
The gnoll is moderately wounded.
The gnoll hits you with a +0 club.
You die...

##.###.#######
#.##.)##....#
##..#.###.#♣.♣
###.#......♣.♣
###........♣.♣### ####
.##.............##...##
....#.......(........<##
##..##.......†.........#
#8..8#..........@).....#
...>............gg.....#
......................##
#8..8######.....PP....#
##..## ...##..P.♣.)...
..## #####.P..♣P..P#.
### ..PP.♣♣PP... #.PP♣♣♣
♣...


You could see 2 gnolls.

Vanquished Creatures
  3 gnolls
  A worm (D:2)
  2 bats (D:2)
  An endoplasm (D:1)
  A goblin (D:2)
  2 hobgoblins (D:2)
  2 quokkas (D:1)
  2 ball pythons
  3 kobolds
  5 rats
22 creatures vanquished.

Vanquished Creatures (others)
  A plant (D:2)
1 creature vanquished.

Grand Total: 23 creatures vanquished

Notes
Turn   | Place    | Note
-------+----------+-------------------------------------------
     0 | D:1      | Hubris850 the Merfolk Transmuter began the quest for the
                  | Orb.
     0 | D:1      | Reached XP level 1. HP: 15/15 MP: 3/3
   144 | D:1      | Found Seos's General Store.
   290 | D:1      | Reached XP level 2. HP: 21/21 MP: 3/5
   411 | D:1      | Reached skill level 1 in Ice Magic
   819 | D:2      | Learned a level 2 spell: Wereblood
   853 | D:2      | Found an iron altar of Okawaru.
   877 | D:2      | Reached XP level 3. HP: 26/26 MP: 4/6
   904 | D:2      | Became a worshipper of Warmaster Okawaru
  1162 | D:2      | HP: 1/26 [gnoll/+0 club (1)]
  1163 | D:2      | Slain by a gnoll

Illustrated notes

Levels and vault maps discovered:
D:1:      scummos_arrival_simple_fountains, layout_basic, serial_shops, shop
D:2:      layout_rooms, serial_forest, infiniplex_forest_clump_large,
          infiniplex_forest_lined_room_2, infiniplex_forest_straight_1,
          infiniplex_forest_end_2, infiniplex_forest_lined_room_3,
          infiniplex_forest_lined_2, infiniplex_forest_lined_2,
          infiniplex_forest_split, infiniplex_forest_lined_room_, basic_altar,
          minivault_11, st_stairs_6, grunt_ministairs_9, minmay_misc_feat_doors

Skill      XL: |  1  2 |
---------------+-------+-----
Dodging        | 3 |  3.0
Transmutations | 3 |  3.4
Ice Magic      | 1 |  1.5
Fighting       | |  1.1
Unarmed Combat | |  3.7
Spellcasting   | |  2.4

Action                   || total
-------------------------++-------
Melee: Unarmed           ||    86
       Headbutt          ||    13
       Punch             ||     2
 Cast: Beastly Appendage ||    11
       Wereblood         ||     1
  Use: Potion            ||     2
Armor: Robe              ||     1
       Leather armour    ||    13
       Skin              ||     3
Dodge: Dodged            ||    43

Table legend: (Time is in decaauts)
 A = Elapsed time spent in this place.
 B = Non-inter-level travel time spent in this place.
 C = Inter-level travel time spent in this place.
 D = Time resting spent in this place.
 E = Time spent auto-exploring this place.
 F = Levels seen in this place.
 G = Mean time per level.
                   A        B        C        D        E       F      G
               +--------+--------+--------+--------+--------+-----+--------+
         Total |   1157 |   1146 |     11 |    144 |    734 |   2 |  578.5 |
       Dungeon |   1157 |   1146 |     11 |    144 |    734 |   2 |  578.5 |
               +--------+--------+--------+--------+--------+-----+--------+

Top non-repeatable levels by time:
     D:1: 749 daAuts
     D:2: 407 daAuts
